Manchots vs Staline
Created - 22 mars 2013 at 18:59
Goals
|
| Manchots |
0 |
3 |
0 |
3 |
| Staline |
1 |
0 |
3 |
4 |
|
Shots
|
| Manchots |
4 |
15 |
12 |
31 |
| Staline |
11 |
13 |
15 |
39 |
|
1st period
1. Staline , Chris Dingman 26 (Yan Stastny, Alexandre Daigle) at 9:34
Penalties :
Matt Generous (StJ) for Hooking (Minor) at 4:57, Yan Stastny (StJ) for Hooking (Minor) at 13:27, Tyler Kennedy (Out) for Interference (Minor) at 17:22
2nd period
2. Manchots , Martin Hanzal 45 (Pernell Karl Subban) at 0:10
3. Manchots , Fredrik Sjostrom 27 (Alexander Radulov, Logan Couture) at 4:04
4. Manchots , Pernell Karl Subban 5 (Petr Sykora, Martin Hanzal) at 12:59
Penalties :
Spencer Machacek (Out) for Hooking (Minor) at 5:54, J.T. Wyman (StJ) for Holding (Minor) at 13:43, Cal Clutterbuck (Out) for Hooking (Minor) at 13:43
3rd period
5. Staline , Alexandre Daigle 30 (Yan Stastny) at 9:48
6. Staline , Sheldon Souray 12 (Matt Carle, Robert Dome) at 14:57 (PP)
7. Staline , Alexandre Daigle 31 (Matt Carle, Chris Dingman) at 17:51 (SH)
Penalties :
Fredrik Sjostrom (Out) for Interference (Minor) at 5:30, T.J. Fast (StJ) for Hooking (Minor) at 12:33, Kris Russell (Out) for Hooking (Minor) at 14:23, Yan Stastny (StJ) for Interference (Minor) at 15:16, Sheldon Souray (StJ) for Hooking (Minor) at 17:40, Chris Dingman (StJ) for Tripping (Minor) at 19:56
Goalie Stats
Ondrej Pavelec (Out), 35 saves from 39 shots - (0,897), L, 20-8-4, 59:03 minutes
Erik Ersberg (StJ), 28 saves from 31 shots - (0,903), W, 28-12-2, 60:00 minutes
Players Stats for Manchots
Player Name G A P +/- PIM S H SB GA TA FO MP PP MP PK MP
------------------------------------------------------------------------------------
Alexander Radulov 0 1 1 0 0 5 3 0 1 0 1/2 19:26 5:30 0:06
Cal Clutterbuck 0 0 0 -1 2 0 1 0 0 0 0/0 9:56 0:00 0:00
Denis Arkhipov 0 0 0 0 0 0 1 1 0 0 6/9 10:15 0:07 3:32
Eric Gryba 0 0 0 -1 0 0 1 1 0 0 0/0 9:26 0:10 0:00
Eric Tangradi 0 0 0 0 0 1 0 0 1 0 0/0 6:14 0:03 0:00
Fredrik Sjostrom 1 0 1 0 2 3 0 1 3 1 2/4 20:03 5:34 1:02
Ilkka Heikkinen 0 0 0 -1 0 1 2 1 0 2 0/0 22:46 6:54 2:30
Jamie Benn 0 0 0 1 0 0 2 0 0 0 0/0 19:13 4:12 1:42
Kris Russell 0 0 0 -1 2 1 1 2 0 1 0/0 16:09 3:43 2:30
Logan Couture 0 1 1 0 0 1 3 0 0 1 9/31 20:38 5:30 1:18
Martin Hanzal 1 1 2 1 0 4 2 0 2 0 9/14 17:21 4:12 0:11
Matt Corrente 0 0 0 0 0 0 0 0 0 2 0/0 17:00 0:10 3:19
Pernell Karl Subban 1 1 2 1 0 4 2 0 0 0 0/0 27:20 5:55 0:52
Petr Sykora 0 1 1 1 0 5 1 0 0 0 1/1 20:39 4:12 3:32
Richard Petiot 0 0 0 2 0 3 3 2 0 1 0/0 27:18 2:45 3:33
Spencer Machacek 0 0 0 0 2 0 1 0 0 0 0/0 6:14 0:00 0:00
Tyler Kennedy 0 0 0 -1 2 1 2 0 0 0 2/9 11:28 0:00 1:21
Wade Belak 0 0 0 -1 0 2 0 0 2 1 0/0 9:59 0:07 0:00
Players Stats for Staline
Player Name G A P +/- PIM S H SB GA TA FO MP PP MP PK MP
------------------------------------------------------------------------------------
Alexandre Daigle 2 1 3 2 0 4 4 1 1 0 1/1 24:00 2:57 5:31
Brandon Prust 0 0 0 0 0 0 2 0 1 0 0/0 7:50 0:04 1:10
Brock Trotter 0 0 0 0 0 0 0 0 0 0 0/0 0:00 0:00 0:00
Chris Dingman 1 1 2 2 2 8 3 1 0 0 8/12 23:40 2:57 5:22
Chris Vande Velde 0 0 0 0 0 0 0 0 0 0 0/0 0:00 0:00 0:00
Devin Setoguchi 0 0 0 -2 0 3 1 0 1 1 0/0 14:24 3:21 0:00
Eric Hunter 0 0 0 0 0 0 2 0 0 0 4/6 10:05 0:00 0:00
Harry Zolnierczyk 0 0 0 0 0 0 0 0 0 0 0/0 0:00 0:00 0:00
J.T. Wyman 0 0 0 0 2 0 1 1 0 0 0/1 12:50 0:04 2:22
Jean-François Jacques 0 0 0 0 0 0 0 0 0 0 0/0 0:00 0:00 0:00
Josh Green 0 0 0 0 0 5 1 0 0 1 0/0 10:41 0:04 0:00
Matt Carle 0 2 2 -2 0 5 0 3 1 2 0/0 27:19 4:26 6:09
Matt Generous 0 0 0 1 2 1 0 1 0 1 0/0 11:10 0:00 0:00
Maxime Fortunus 0 0 0 1 0 0 1 1 1 0 0/0 18:40 1:56 3:31
Mike Sauer 0 0 0 2 0 0 2 2 0 1 0/0 14:09 0:00 2:37
Nathan Smith 0 0 0 -2 0 1 3 0 0 1 8/13 14:53 3:21 0:19
Nick Palmieri 0 0 0 0 0 1 0 0 0 0 0/0 6:01 0:00 0:00
Raymond Sawada 0 0 0 0 0 0 0 0 0 0 0/0 0:00 0:00 0:00
Robby Dee 0 0 0 0 0 0 1 0 0 0 0/1 6:01 0:00 0:00
Robert Dome 0 1 1 -2 0 5 1 1 1 0 2/2 18:07 3:21 3:10
Sheldon Souray 1 0 1 -3 2 3 2 3 1 1 0/0 28:01 4:26 4:32
Simon Danis-Pepin 0 0 0 0 0 0 0 0 0 0 0/0 2:53 0:00 0:09
T.J. Fast 0 0 0 1 2 1 0 0 0 0 0/0 18:03 2:11 2:40
Yan Stastny 0 2 2 1 4 2 1 3 2 1 17/34 19:09 2:42 1:44
3 Stars
1 - Alexandre Daigle (StJ)
2 - Chris Dingman (StJ)
3 - Pernell Karl Subban (Out)
Power Play
Manchots - 0 on 6 Attempt(s) - 0,00%
Staline - 1 on 4 Attempt(s) - 25,00%
Penalty Kill
Manchots - 3 on 4 Attempt(s) - 75,00%
- Score 0 goal in Penalty Kill
Staline - 6 on 6 Attempt(s) - 100,00%
- Score 1 goal in Penalty Kill
Official
Referees : Peel Tim and Pollock Kevin
Linesman : Steve Miller and Shane Heyer
Game Notes
No Game Note
Manchots
5 vs 5 Forward
Center Left Wing Right Wing Time % Phy DF OF
1 Logan Couture Fredrik Sjostrom Alexander Radulov 38 0 1 4
2 Martin Hanzal Jamie Benn Petr Sykora 37 0 1 4
3 Tyler Kennedy Cal Clutterbuck Wade Belak 18 0 1 4
4 Denis Arkhipov Eric Tangradi Spencer Machacek 7 1 1 3
5 vs 5 Defense
Defense Defense Time % Phy DF OF
1 Pernell Karl Subban Richard Petiot 40 1 2 2
2 Matt Corrente Ilkka Heikkinen 30 1 2 2
3 Kris Russell Eric Gryba 17 1 2 2
4 Richard Petiot Pernell Karl Subban 13 1 1 3
PowerPlay Forward
Center Left Wing Right Wing Time % Phy DF OF
1 Logan Couture Fredrik Sjostrom Alexander Radulov 60 0 1 4
2 Martin Hanzal Jamie Benn Petr Sykora 40 0 1 4
PowerPlay Defense
Defense Defense Time % Phy DF OF
1 Ilkka Heikkinen Pernell Karl Subban 60 1 1 3
2 Richard Petiot Kris Russell 40 1 1 3
Penalty Kill 4 Players Forward
Center Wing Time % Phy DF OF
1 Denis Arkhipov Petr Sykora 60 1 2 2
2 Tyler Kennedy Fredrik Sjostrom 40 1 2 2
Penalty Kill 4 Players Defense
Defense Defense Time % Phy DF OF
1 Matt Corrente Richard Petiot 60 1 2 2
2 Ilkka Heikkinen Kris Russell 40 1 2 2
Penalty Kill - 3 Players Forward
Forward Time % Phy DF OF
1 Denis Arkhipov 60 1 3 1
2 Tyler Kennedy 40 1 3 1
Penalty Kill - 3 Players Defense
Defense Defense Time % Phy DF OF
1 Kris Russell Matt Corrente 60 1 3 1
2 Richard Petiot Ilkka Heikkinen 40 1 3 1
4 vs 4 Forward
Center Wing Time % Phy DF OF
1 Logan Couture Alexander Radulov 60 1 1 3
2 Martin Hanzal Jamie Benn 40 1 1 3
4 vs 4 Defense
Defense Defense Time % Phy DF OF
1 Pernell Karl Subban Ilkka Heikkinen 60 1 1 3
2 Kris Russell Richard Petiot 40 1 1 3
Last Minutes Offensive
Center Left Wing Right Wing Defense Defense
Martin Hanzal Fredrik Sjostrom Petr Sykora Ilkka Heikkinen Pernell Karl Subban
Last Minutes Defensive
Center Left Wing Right Wing Defense Defense
Denis Arkhipov Fredrik Sjostrom Wade Belak Richard Petiot Matt Corrente
Goaltenders
Starting : Ondrej Pavelec
Backup : Sebastien Caron
Extra Forwards
Normal : Fredrik Sjostrom, Alexander Radulov, Jamie Benn - PP : Petr Sykora, Fredrik Sjostrom - PK : Denis Arkhipov
Extra Defensemen
Normal : Matt Corrente, Pernell Karl Subban, Kris Russell - PP : Pernell Karl Subban - PK : Ilkka Heikkinen, Matt Corrente
Penalty Shots
Alexander Radulov, Fredrik Sjostrom, Petr Sykora, Logan Couture, Denis Arkhipov
Staline
5 vs 5 Forward
Center Left Wing Right Wing Time % Phy DF OF
1 Yan Stastny Chris Dingman Alexandre Daigle 40 1 2 2
2 Nathan Smith Robert Dome Devin Setoguchi 30 1 2 2
3 Eric Hunter Josh Green J.T. Wyman 20 1 2 2
4 Robby Dee Brandon Prust Nick Palmieri 10 1 2 2
5 vs 5 Defense
Defense Defense Time % Phy DF OF
1 Sheldon Souray Matt Carle 40 1 2 2
2 T.J. Fast Maxime Fortunus 30 1 2 2
3 Matt Generous Mike Sauer 20 1 2 2
4 Simon Danis-Pepin Sheldon Souray 10 1 2 2
PowerPlay Forward
Center Left Wing Right Wing Time % Phy DF OF
1 Yan Stastny Chris Dingman Alexandre Daigle 60 1 2 2
2 Nathan Smith Robert Dome Devin Setoguchi 40 1 2 2
PowerPlay Defense
Defense Defense Time % Phy DF OF
1 Sheldon Souray Matt Carle 60 1 2 2
2 T.J. Fast Maxime Fortunus 40 1 2 2
Penalty Kill 4 Players Forward
Center Wing Time % Phy DF OF
1 Chris Dingman Alexandre Daigle 60 1 2 2
2 Robert Dome Yan Stastny 40 1 2 2
Penalty Kill 4 Players Defense
Defense Defense Time % Phy DF OF
1 Sheldon Souray Matt Carle 60 1 2 2
2 T.J. Fast Maxime Fortunus 40 1 2 2
Penalty Kill - 3 Players Forward
Forward Time % Phy DF OF
1 Chris Dingman 60 1 2 2
2 Alexandre Daigle 40 1 2 2
Penalty Kill - 3 Players Defense
Defense Defense Time % Phy DF OF
1 Sheldon Souray Matt Carle 60 1 2 2
2 T.J. Fast Maxime Fortunus 40 1 2 2
4 vs 4 Forward
Center Wing Time % Phy DF OF
1 Chris Dingman Alexandre Daigle 60 1 2 2
2 Robert Dome Yan Stastny 40 1 2 2
4 vs 4 Defense
Defense Defense Time % Phy DF OF
1 Sheldon Souray Matt Carle 60 1 2 2
2 T.J. Fast Maxime Fortunus 40 1 2 2
Last Minutes Offensive
Center Left Wing Right Wing Defense Defense
Yan Stastny Chris Dingman Alexandre Daigle Sheldon Souray Matt Carle
Last Minutes Defensive
Center Left Wing Right Wing Defense Defense
Yan Stastny Chris Dingman Alexandre Daigle Sheldon Souray Matt Carle
Goaltenders
Starting : Erik Ersberg
Backup : Tobias Stephan
Extra Forwards
Normal : Josh Green, Brandon Prust, J.T. Wyman - PP : Josh Green, Brandon Prust - PK : J.T. Wyman
Extra Defensemen
Normal : Matt Generous, Mike Sauer, Simon Danis-Pepin - PP : Matt Generous - PK : Mike Sauer, Simon Danis-Pepin
Penalty Shots
Chris Dingman, Alexandre Daigle, Robert Dome, Yan Stastny, Josh Green
% Time on Ice - Manchots
Lines # - Real PCT - Wanted PCT - Time Play
Normal Forward
1 - 31% - 38% - 12:58
2 - 30% - 37% - 12:34
3 - 24% - 18% - 9:52
4 - 15% - 7% - 6:10
Normal Defense
1 - 40% - 40% - 16:30
2 - 31% - 30% - 12:55
3 - 21% - 17% - 8:52
4 - 8% - 13% - 3:17
PP Forward
1 - 57% - 60% - 5:37
2 - 43% - 40% - 4:12
PP Defense
1 - 76% - 60% - 7:29
2 - 24% - 40% - 2:20
PK Forward
1 - 71% - 60% - 4:32
2 - 29% - 40% - 1:50
PK Defense
1 - 57% - 60% - 3:37
2 - 43% - 40% - 2:45
PK3 Forward
1 - 0% - 60%
2 - 0% - 40%
PK3 Defense
1 - 0% - 60%
2 - 0% - 40%
44 Forward
1 - 83% - 60% - 1:46
2 - 17% - 40% - 0:22
44 Defense
1 - 55% - 60% - 1:11
2 - 45% - 40% - 0:57
Last Minute Offensive - 0:07
Last Minute Defensive - 0:00
Total
Forward - 60:00
Defense - 60:00
|
% Time on Ice - Staline
Lines # - Real PCT - Wanted PCT - Time Play
Normal Forward
1 - 34% - 40% - 14:09
2 - 27% - 30% - 11:09
3 - 24% - 20% - 10:05
4 - 15% - 10% - 6:01
Normal Defense
1 - 39% - 40% - 15:57
2 - 29% - 30% - 11:59
3 - 27% - 20% - 11:08
4 - 6% - 10% - 2:20
PP Forward
1 - 47% - 60% - 3:01
2 - 53% - 40% - 3:21
PP Defense
1 - 70% - 60% - 4:26
2 - 30% - 40% - 1:56
PK Forward
1 - 68% - 60% - 6:39
2 - 32% - 40% - 3:10
PK Defense
1 - 64% - 60% - 6:18
2 - 36% - 40% - 3:31
PK3 Forward
1 - 0% - 60%
2 - 0% - 40%
PK3 Defense
1 - 0% - 60%
2 - 0% - 40%
44 Forward
1 - 79% - 60% - 1:41
2 - 21% - 40% - 0:27
44 Defense
1 - 55% - 60% - 1:10
2 - 45% - 40% - 0:58
Last Minute Offensive - 0:00
Last Minute Defensive - 0:17
Total
Forward - 60:00
Defense - 60:00
|
Play by Play
1st period
0:01 of 1st period - Yan Stastny wins face-off versus Logan Couture in neutral zone.
0:09 of 1st period - Off-side.
0:10 of 1st period - Yan Stastny wins face-off versus Logan Couture in neutral zone.
0:21 of 1st period - Alexandre Daigle is hit by Richard Petiot and loses puck.
0:53 of 1st period - Sheldon Souray is hit by Logan Couture and loses puck.
1:14 of 1st period - Backhand shot by Fredrik Sjostrom.
1:14 of 1st period - Shot Blocked by Sheldon Souray.
1:32 of 1st period - Snap shot by Fredrik Sjostrom.
1:32 of 1st period - Shot Blocked by Yan Stastny.
1:34 of 1st period - Snap shot by Pernell Karl Subban.
1:34 of 1st period - Stopped by Erik Ersberg without a rebound.
1:35 of 1st period - Martin Hanzal wins face-off versus Nathan Smith in Staline zone.
1:44 of 1st period - Wrist shot by Petr Sykora.
1:44 of 1st period - Stopped by Erik Ersberg with a rebound.
1:46 of 1st period - Slapshot by Ilkka Heikkinen.
1:46 of 1st period - Shot Misses the Net.
1:48 of 1st period - Slapshot by Ilkka Heikkinen.
1:48 of 1st period - Stopped by Erik Ersberg with a rebound.
1:50 of 1st period - Slapshot by Ilkka Heikkinen.
1:50 of 1st period - Deflect By Martin Hanzal.
1:50 of 1st period - Stopped by Erik Ersberg with a rebound.
2:07 of 1st period - T.J. Fast is hit by Tyler Kennedy and loses puck.
3:11 of 1st period - Snap shot by Josh Green.
3:11 of 1st period - Shot Misses the Net.
4:25 of 1st period - Spencer Machacek is hit by Brandon Prust and loses puck.
4:42 of 1st period - Matt Generous is hit by Alexander Radulov and loses puck.
4:57 of 1st period - Minor Penalty to Matt Generous for Hooking.
4:58 of 1st period - Chris Dingman wins face-off versus Logan Couture in Staline zone.
5:03 of 1st period - Logan Couture is hit by Alexandre Daigle and loses puck.
5:38 of 1st period - Pernell Karl Subban is hit by Sheldon Souray and loses puck.
6:19 of 1st period - Richard Petiot is hit by Maxime Fortunus and loses puck.
6:26 of 1st period - Brandon Prust is hit by Martin Hanzal and loses puck.
6:57 of 1st period - Penalty to Matt Generous is over, Matt Generous is back on ice.
7:53 of 1st period - Cal Clutterbuck is hit by Alexandre Daigle and loses puck.
8:17 of 1st period - Richard Petiot is hit by Eric Hunter and loses puck.
9:30 of 1st period - Slapshot by Alexandre Daigle.
9:30 of 1st period - Shot Misses the Net.
9:34 of 1st period - Wrist shot by Chris Dingman.
9:34 of 1st period - Goal by Chris Dingman - Manchots : 0 - Staline : 1.
9:35 of 1st period - Yan Stastny wins face-off versus Logan Couture in neutral zone.
9:38 of 1st period - Slapshot by Chris Dingman.
9:38 of 1st period - Shot Blocked by Richard Petiot.
9:40 of 1st period - Wrist shot by Chris Dingman.
9:40 of 1st period - Stopped by Ondrej Pavelec without a rebound.
9:41 of 1st period - Yan Stastny wins face-off versus Logan Couture in Manchots zone.
9:44 of 1st period - Wrist shot by Chris Dingman.
9:44 of 1st period - Shot Misses the Net.
9:46 of 1st period - Snap shot by Chris Dingman.
9:46 of 1st period - Shot Misses the Net.
9:48 of 1st period - Snap shot by Yan Stastny.
9:48 of 1st period - Stopped by Ondrej Pavelec with a rebound.
10:32 of 1st period - Slapshot by Ilkka Heikkinen.
10:32 of 1st period - Shot Misses the Net.
10:34 of 1st period - Wrist shot by Matt Corrente.
10:34 of 1st period - Shot Misses the Net.
11:10 of 1st period - Snap shot by Chris Dingman.
11:10 of 1st period - Stopped by Ondrej Pavelec with a rebound.
11:14 of 1st period - Wrist shot by Chris Dingman.
11:14 of 1st period - Shot Misses the Net.
11:16 of 1st period - Wrist shot by Chris Dingman.
11:16 of 1st period - Stopped by Ondrej Pavelec with a rebound.
11:18 of 1st period - Slapshot by Matt Carle.
11:18 of 1st period - Shot Misses the Net.
11:32 of 1st period - Snap shot by Devin Setoguchi.
11:32 of 1st period - Shot Misses the Net.
11:34 of 1st period - Slapshot by Maxime Fortunus.
11:34 of 1st period - Shot Blocked by Eric Gryba.
11:36 of 1st period - Wrist shot by T.J. Fast.
11:36 of 1st period - Deflect By Fredrik Sjostrom.
11:36 of 1st period - Stopped by Ondrej Pavelec with a rebound.
11:38 of 1st period - Slapshot by Maxime Fortunus.
11:38 of 1st period - Shot Misses the Net.
13:27 of 1st period - Minor Penalty to Yan Stastny for Hooking.
13:28 of 1st period - Chris Dingman wins face-off versus Logan Couture in Staline zone.
14:21 of 1st period - Logan Couture is hit by J.T. Wyman and loses puck.
14:34 of 1st period - Alexandre Daigle is hit by Petr Sykora and loses puck.
15:27 of 1st period - Penalty to Yan Stastny is over, Yan Stastny is back on ice.
15:38 of 1st period - Slapshot by Sheldon Souray.
15:38 of 1st period - Shot Misses the Net.
15:40 of 1st period - Slapshot by Sheldon Souray.
15:40 of 1st period - Shot Misses the Net.
15:50 of 1st period - Snap shot by J.T. Wyman.
15:50 of 1st period - Deflect By Josh Green.
15:50 of 1st period - Stopped by Ondrej Pavelec without a rebound.
15:51 of 1st period - Denis Arkhipov wins face-off versus Eric Hunter in Manchots zone.
16:08 of 1st period - Josh Green is hit by Denis Arkhipov and loses puck.
16:23 of 1st period - Slapshot by Ilkka Heikkinen.
16:23 of 1st period - Shot Blocked by J.T. Wyman.
16:28 of 1st period - Off-side.
16:29 of 1st period - Martin Hanzal wins face-off versus Yan Stastny in neutral zone.
16:29 of 1st period - Petr Sykora is hit by Chris Dingman and loses puck.
16:36 of 1st period - Martin Hanzal is hit by Chris Dingman and loses puck.
17:04 of 1st period - Slapshot by Robert Dome.
17:04 of 1st period - Shot Misses the Net.
17:14 of 1st period - Wrist shot by Brandon Prust.
17:14 of 1st period - Shot Misses the Net.
17:22 of 1st period - Minor Penalty to Tyler Kennedy for Interference.
17:23 of 1st period - Denis Arkhipov wins face-off versus Yan Stastny in Manchots zone.
17:28 of 1st period - Slapshot by Denis Arkhipov.
17:28 of 1st period - Shot Misses the Net.
17:58 of 1st period - Snap shot by Robert Dome.
17:58 of 1st period - Stopped by Ondrej Pavelec with a rebound.
19:22 of 1st period - Penalty to Tyler Kennedy is over, Tyler Kennedy is back on ice.
19:30 of 1st period - Wrist shot by Josh Green.
19:30 of 1st period - Stopped by Ondrej Pavelec with a rebound.
19:32 of 1st period - Backhand shot by Josh Green.
19:32 of 1st period - Stopped by Ondrej Pavelec without a rebound.
19:33 of 1st period - Tyler Kennedy wins face-off versus Eric Hunter in Manchots zone.
19:42 of 1st period - Slapshot by Josh Green.
19:42 of 1st period - Stopped by Ondrej Pavelec with a rebound.
2nd period
0:01 of 2nd period - Martin Hanzal wins face-off versus Yan Stastny in neutral zone.
0:08 of 2nd period - Slapshot by Pernell Karl Subban.
0:08 of 2nd period - Shot Blocked by Matt Carle.
0:10 of 2nd period - Snap shot by Martin Hanzal.
0:10 of 2nd period - Goal by Martin Hanzal - Manchots : 1 - Staline : 1.
0:11 of 2nd period - Martin Hanzal wins face-off versus Yan Stastny in neutral zone.
0:18 of 2nd period - Snap shot by Martin Hanzal.
0:18 of 2nd period - Shot Misses the Net.
0:22 of 2nd period - Slapshot by Martin Hanzal.
0:22 of 2nd period - Shot Misses the Net.
0:24 of 2nd period - Slapshot by Pernell Karl Subban.
0:24 of 2nd period - Deflect By Matt Carle.
0:24 of 2nd period - Stopped by Erik Ersberg without a rebound.
0:25 of 2nd period - Nathan Smith wins face-off versus Fredrik Sjostrom in Staline zone.
0:36 of 2nd period - Snap shot by Robert Dome.
0:36 of 2nd period - Shot Blocked by Fredrik Sjostrom.
0:38 of 2nd period - Slapshot by Matt Carle.
0:38 of 2nd period - Shot Misses the Net.
0:40 of 2nd period - Slapshot by Sheldon Souray.
0:40 of 2nd period - Stopped by Ondrej Pavelec without a rebound.
0:41 of 2nd period - Yan Stastny wins face-off versus Martin Hanzal in Manchots zone.
0:42 of 2nd period - Snap shot by Chris Dingman.
0:42 of 2nd period - Stopped by Ondrej Pavelec without a rebound.
0:43 of 2nd period - Martin Hanzal wins face-off versus Yan Stastny in Manchots zone.
0:54 of 2nd period - Snap shot by Yan Stastny.
0:54 of 2nd period - Shot Misses the Net.
0:56 of 2nd period - Snap shot by Sheldon Souray.
0:56 of 2nd period - Stopped by Ondrej Pavelec with a rebound.
0:58 of 2nd period - Slapshot by Matt Carle.
0:58 of 2nd period - Stopped by Ondrej Pavelec with a rebound.
1:34 of 2nd period - Cal Clutterbuck is hit by Eric Hunter.
1:56 of 2nd period - Snap shot by Chris Dingman.
1:56 of 2nd period - Stopped by Ondrej Pavelec without a rebound.
1:57 of 2nd period - Yan Stastny wins face-off versus Denis Arkhipov in Manchots zone.
2:56 of 2nd period - Wrist shot by Alexander Radulov.
2:56 of 2nd period - Shot Blocked by Mike Sauer.
3:35 of 2nd period - Wrist shot by Eric Tangradi.
3:35 of 2nd period - Stopped by Erik Ersberg with a rebound.
3:52 of 2nd period - Snap shot by Petr Sykora.
3:52 of 2nd period - Stopped by Erik Ersberg without a rebound.
3:53 of 2nd period - Logan Couture wins face-off versus Nathan Smith in Staline zone.
4:04 of 2nd period - Wrist shot by Fredrik Sjostrom.
4:04 of 2nd period - Goal by Fredrik Sjostrom - Manchots : 2 - Staline : 1.
4:05 of 2nd period - Yan Stastny wins face-off versus Martin Hanzal in neutral zone.
4:18 of 2nd period - Wrist shot by Yan Stastny.
4:18 of 2nd period - Stopped by Ondrej Pavelec with a rebound.
4:30 of 2nd period - Pernell Karl Subban is hit by Sheldon Souray and loses puck.
5:45 of 2nd period - Wrist shot by Robert Dome.
5:45 of 2nd period - Stopped by Ondrej Pavelec with a rebound.
5:54 of 2nd period - Minor Penalty to Spencer Machacek for Hooking.
5:55 of 2nd period - Denis Arkhipov wins face-off versus Yan Stastny in Manchots zone.
5:55 of 2nd period - Denis Arkhipov is hit by Yan Stastny.
7:27 of 2nd period - Jamie Benn is hit by Robert Dome and loses puck.
7:54 of 2nd period - Penalty to Spencer Machacek is over, Spencer Machacek is back on ice.
8:14 of 2nd period - Nick Palmieri is hit by Eric Gryba and loses puck.
8:49 of 2nd period - Fredrik Sjostrom is hit by Mike Sauer and loses puck.
9:00 of 2nd period - Denis Arkhipov is hit by Mike Sauer.
9:14 of 2nd period - Wrist shot by Tyler Kennedy.
9:14 of 2nd period - Stopped by Erik Ersberg with a rebound.
9:49 of 2nd period - Snap shot by Eric Tangradi.
9:49 of 2nd period - Shot Blocked by Sheldon Souray.
9:51 of 2nd period - Snap shot by Richard Petiot.
9:51 of 2nd period - Stopped by Erik Ersberg without a rebound.
9:52 of 2nd period - Yan Stastny wins face-off versus Logan Couture in Staline zone.
10:01 of 2nd period - Snap shot by Alexandre Daigle.
10:01 of 2nd period - Shot Blocked by Kris Russell.
10:11 of 2nd period - Snap shot by Josh Green.
10:11 of 2nd period - Stopped by Ondrej Pavelec with a rebound.
10:25 of 2nd period - Tyler Kennedy is hit by Devin Setoguchi.
10:33 of 2nd period - Snap shot by Wade Belak.
10:33 of 2nd period - Stopped by Erik Ersberg without a rebound.
10:34 of 2nd period - Martin Hanzal wins face-off versus Yan Stastny in Staline zone.
10:49 of 2nd period - Richard Petiot is hit by Alexandre Daigle and loses puck.
11:52 of 2nd period - Snap shot by Nick Palmieri.
11:52 of 2nd period - Deflect By Brandon Prust.
11:52 of 2nd period - Shot Blocked by Denis Arkhipov.
11:52 of 2nd period - Puck is out of play.
11:53 of 2nd period - Logan Couture wins face-off versus Yan Stastny in Manchots zone.
12:02 of 2nd period - Wrist shot by Fredrik Sjostrom.
12:02 of 2nd period - Stopped by Erik Ersberg with a rebound.
12:08 of 2nd period - Slapshot by Chris Dingman.
12:08 of 2nd period - Deflect By Alexandre Daigle.
12:08 of 2nd period - Shot Misses the Net.
12:08 of 2nd period - Puck is out of play.
12:09 of 2nd period - Martin Hanzal wins face-off versus Nathan Smith in Manchots zone.
12:20 of 2nd period - Wrist shot by Petr Sykora.
12:20 of 2nd period - Stopped by Erik Ersberg without a rebound.
12:21 of 2nd period - Yan Stastny wins face-off versus Logan Couture in Staline zone.
12:34 of 2nd period - Backhand shot by Yan Stastny.
12:34 of 2nd period - Shot Misses the Net.
12:36 of 2nd period - Slapshot by Matt Carle.
12:36 of 2nd period - Shot Misses the Net.
12:48 of 2nd period - Nathan Smith is hit by Jamie Benn and loses puck.
12:57 of 2nd period - Wrist shot by Petr Sykora.
12:57 of 2nd period - Shot Misses the Net.
12:59 of 2nd period - Slapshot by Pernell Karl Subban.
12:59 of 2nd period - Deflect By Matt Carle.
12:59 of 2nd period - Goal by Pernell Karl Subban - Manchots : 3 - Staline : 1.
13:00 of 2nd period - Logan Couture wins face-off versus Yan Stastny in neutral zone.
13:03 of 2nd period - Chris Dingman is hit by Pernell Karl Subban and loses puck.
13:32 of 2nd period - Slapshot by Richard Petiot.
13:32 of 2nd period - Stopped by Erik Ersberg with a rebound.
13:43 of 2nd period - Minor Penalty to J.T. Wyman for Holding.
13:43 of 2nd period - Minor Penalty to Cal Clutterbuck for Hooking.
13:44 of 2nd period - Logan Couture wins face-off versus Chris Dingman in neutral zone.
13:55 of 2nd period - Slapshot by Alexander Radulov.
13:55 of 2nd period - Stopped by Erik Ersberg without a rebound.
13:56 of 2nd period - Logan Couture wins face-off versus Chris Dingman in Staline zone.
14:03 of 2nd period - Slapshot by Logan Couture.
14:03 of 2nd period - Stopped by Erik Ersberg with a rebound.
15:13 of 2nd period - Josh Green is hit by Kris Russell and loses puck.
15:43 of 2nd period - Penalty to J.T. Wyman is over, J.T. Wyman is back on ice.
15:43 of 2nd period - Penalty to Cal Clutterbuck is over, Cal Clutterbuck is back on ice.
15:47 of 2nd period - Wrist shot by Robert Dome.
15:47 of 2nd period - Stopped by Ondrej Pavelec without a rebound.
15:48 of 2nd period - Nathan Smith wins face-off versus Tyler Kennedy in Manchots zone.
15:51 of 2nd period - Wrist shot by Devin Setoguchi.
15:51 of 2nd period - Deflect By Nathan Smith.
15:51 of 2nd period - Shot Misses the Net.
15:51 of 2nd period - Puck is out of play.
15:52 of 2nd period - Nathan Smith wins face-off versus Tyler Kennedy in Manchots zone.
17:05 of 2nd period - Wrist shot by Nick Palmieri.
17:05 of 2nd period - Stopped by Ondrej Pavelec with a rebound.
17:07 of 2nd period - Slapshot by Matt Generous.
17:07 of 2nd period - Stopped by Ondrej Pavelec with a rebound.
17:23 of 2nd period - Backhand shot by Devin Setoguchi.
17:23 of 2nd period - Stopped by Ondrej Pavelec without a rebound.
17:24 of 2nd period - Yan Stastny wins face-off versus Tyler Kennedy in Manchots zone.
17:35 of 2nd period - Backhand shot by Wade Belak.
17:35 of 2nd period - Shot Blocked by Sheldon Souray.
17:37 of 2nd period - Slapshot by Tyler Kennedy.
17:37 of 2nd period - Shot Blocked by Matt Carle.
17:39 of 2nd period - Snap shot by Ilkka Heikkinen.
17:39 of 2nd period - Shot Blocked by Yan Stastny.
17:47 of 2nd period - Matt Carle is hit by Tyler Kennedy and loses puck.
18:06 of 2nd period - Snap shot by Tyler Kennedy.
18:06 of 2nd period - Shot Misses the Net.
18:08 of 2nd period - Wrist shot by Wade Belak.
18:08 of 2nd period - Shot Misses the Net.
18:10 of 2nd period - Slapshot by Wade Belak.
18:10 of 2nd period - Stopped by Erik Ersberg without a rebound.
18:11 of 2nd period - Martin Hanzal wins face-off versus Nathan Smith in Staline zone.
18:22 of 2nd period - Maxime Fortunus is hit by Jamie Benn and loses puck.
18:58 of 2nd period - Eric Tangradi is hit by Robby Dee and loses puck.
19:07 of 2nd period - Brandon Prust is hit by Spencer Machacek and loses puck.
19:50 of 2nd period - Slapshot by Alexandre Daigle.
19:50 of 2nd period - Stopped by Ondrej Pavelec with a rebound.
3rd period
0:01 of 3rd period - Yan Stastny wins face-off versus Logan Couture in neutral zone.
0:10 of 3rd period - Snap shot by Yan Stastny.
0:10 of 3rd period - Shot Misses the Net.
0:53 of 3rd period - Off-side.
0:54 of 3rd period - Yan Stastny wins face-off versus Logan Couture in neutral zone.
1:07 of 3rd period - Snap shot by Chris Dingman.
1:07 of 3rd period - Shot Misses the Net.
1:09 of 3rd period - Slapshot by Chris Dingman.
1:09 of 3rd period - Deflect By Yan Stastny.
1:09 of 3rd period - Shot Misses the Net.
1:09 of 3rd period - Puck is out of play.
1:10 of 3rd period - Nathan Smith wins face-off versus Martin Hanzal in Manchots zone.
1:17 of 3rd period - Pernell Karl Subban is hit by Nathan Smith and loses puck.
1:53 of 3rd period - Slapshot by Nathan Smith.
1:53 of 3rd period - Stopped by Ondrej Pavelec without a rebound.
1:54 of 3rd period - Logan Couture wins face-off versus Yan Stastny in Manchots zone.
1:59 of 3rd period - Alexandre Daigle is hit by Ilkka Heikkinen and loses puck.
2:04 of 3rd period - Snap shot by Alexander Radulov.
2:04 of 3rd period - Shot Blocked by Yan Stastny.
2:08 of 3rd period - Slapshot by Fredrik Sjostrom.
2:08 of 3rd period - Stopped by Erik Ersberg with a rebound.
2:10 of 3rd period - Slapshot by Logan Couture.
2:10 of 3rd period - Shot Misses the Net.
2:20 of 3rd period - Martin Hanzal is hit by Josh Green and loses puck.
2:32 of 3rd period - Wrist shot by Josh Green.
2:32 of 3rd period - Deflect By Eric Hunter.
2:32 of 3rd period - Shot Blocked by Kris Russell.
2:32 of 3rd period - Puck is out of play.
2:33 of 3rd period - Logan Couture wins face-off versus Robby Dee in Manchots zone.
2:33 of 3rd period - Logan Couture is hit by Brandon Prust.
2:47 of 3rd period - Snap shot by Nick Palmieri.
2:47 of 3rd period - Shot Misses the Net.
2:49 of 3rd period - Snap shot by Nick Palmieri.
2:49 of 3rd period - Shot Misses the Net.
3:09 of 3rd period - Slapshot by Pernell Karl Subban.
3:09 of 3rd period - Deflect By Chris Dingman.
3:09 of 3rd period - Stopped by Erik Ersberg with a rebound.
3:17 of 3rd period - Pernell Karl Subban is hit by Alexandre Daigle and loses puck.
3:31 of 3rd period - Wrist shot by Martin Hanzal.
3:31 of 3rd period - Shot Misses the Net.
3:45 of 3rd period - Snap shot by Martin Hanzal.
3:45 of 3rd period - Stopped by Erik Ersberg with a rebound.
4:11 of 3rd period - Backhand shot by Martin Hanzal.
4:11 of 3rd period - Deflect By Jamie Benn.
4:11 of 3rd period - Shot Blocked by Alexandre Daigle.
4:11 of 3rd period - Puck is out of play.
4:12 of 3rd period - Nathan Smith wins face-off versus Logan Couture in Staline zone.
4:12 of 3rd period - Nathan Smith is hit by Alexander Radulov.
4:18 of 3rd period - Logan Couture is hit by Nathan Smith and loses puck.
4:23 of 3rd period - Wrist shot by Devin Setoguchi.
4:23 of 3rd period - Stopped by Ondrej Pavelec with a rebound.
4:25 of 3rd period - Snap shot by Robert Dome.
4:25 of 3rd period - Stopped by Ondrej Pavelec without a rebound.
4:26 of 3rd period - Nathan Smith wins face-off versus Logan Couture in Manchots zone.
4:55 of 3rd period - Off-side.
4:56 of 3rd period - Eric Hunter wins face-off versus Tyler Kennedy in neutral zone.
5:07 of 3rd period - Snap shot by Kris Russell.
5:07 of 3rd period - Stopped by Erik Ersberg without a rebound.
5:08 of 3rd period - Alexander Radulov wins face-off versus Nathan Smith in Staline zone.
5:13 of 3rd period - Snap shot by Alexander Radulov.
5:13 of 3rd period - Shot Blocked by Maxime Fortunus.
5:15 of 3rd period - Wrist shot by Alexander Radulov.
5:15 of 3rd period - Stopped by Erik Ersberg without a rebound.
5:16 of 3rd period - Nathan Smith wins face-off versus Logan Couture in Staline zone.
5:30 of 3rd period - Minor Penalty to Fredrik Sjostrom for Interference.
5:31 of 3rd period - Denis Arkhipov wins face-off versus Yan Stastny in Manchots zone.
5:37 of 3rd period - Off-side.
5:38 of 3rd period - Denis Arkhipov wins face-off versus Yan Stastny in neutral zone.
6:40 of 3rd period - Slapshot by Matt Carle.
6:40 of 3rd period - Shot Misses the Net.
6:42 of 3rd period - Snap shot by Sheldon Souray.
6:42 of 3rd period - Shot Misses the Net.
6:44 of 3rd period - Wrist shot by Nathan Smith.
6:44 of 3rd period - Shot Misses the Net.
6:56 of 3rd period - Snap shot by Robert Dome.
6:56 of 3rd period - Shot Blocked by Ilkka Heikkinen.
7:10 of 3rd period - Richard Petiot is hit by Nathan Smith.
7:14 of 3rd period - Slapshot by Matt Carle.
7:14 of 3rd period - Stopped by Ondrej Pavelec without a rebound.
7:15 of 3rd period - Denis Arkhipov wins face-off versus Yan Stastny in Manchots zone.
7:25 of 3rd period - Wrist shot by Yan Stastny.
7:25 of 3rd period - Shot Misses the Net.
7:27 of 3rd period - Wrist shot by Chris Dingman.
7:27 of 3rd period - Stopped by Ondrej Pavelec without a rebound.
7:28 of 3rd period - Yan Stastny wins face-off versus Denis Arkhipov in Manchots zone.
7:30 of 3rd period - Penalty to Fredrik Sjostrom is over, Fredrik Sjostrom is back on ice.
7:37 of 3rd period - Wrist shot by Fredrik Sjostrom.
7:37 of 3rd period - Deflect By Petr Sykora.
7:37 of 3rd period - Shot Blocked by Chris Dingman.
7:37 of 3rd period - Puck is out of play.
7:38 of 3rd period - Yan Stastny wins face-off versus Fredrik Sjostrom in Staline zone.
7:49 of 3rd period - Snap shot by Alexander Radulov.
7:49 of 3rd period - Shot Misses the Net.
7:57 of 3rd period - T.J. Fast is hit by Logan Couture and loses puck.
8:17 of 3rd period - Wrist shot by Martin Hanzal.
8:17 of 3rd period - Stopped by Erik Ersberg with a rebound.
8:29 of 3rd period - Nick Palmieri is hit by Cal Clutterbuck.
8:33 of 3rd period - Slapshot by Wade Belak.
8:33 of 3rd period - Deflect By Tyler Kennedy.
8:33 of 3rd period - Shot Blocked by Matt Generous.
8:33 of 3rd period - Puck is out of play.
8:34 of 3rd period - Tyler Kennedy wins face-off versus Yan Stastny in Staline zone.
8:43 of 3rd period - Wrist shot by Tyler Kennedy.
8:43 of 3rd period - Shot Misses the Net.
8:59 of 3rd period - Wrist shot by Wade Belak.
8:59 of 3rd period - Shot Misses the Net.
9:03 of 3rd period - Wrist shot by Tyler Kennedy.
9:03 of 3rd period - Shot Misses the Net.
9:05 of 3rd period - Snap shot by Tyler Kennedy.
9:05 of 3rd period - Shot Hit the Post.
9:07 of 3rd period - Snap shot by Wade Belak.
9:07 of 3rd period - Shot Misses the Net.
9:44 of 3rd period - Off-side.
9:45 of 3rd period - Yan Stastny wins face-off versus Martin Hanzal in neutral zone.
9:48 of 3rd period - Snap shot by Alexandre Daigle.
9:48 of 3rd period - Goal by Alexandre Daigle - Manchots : 3 - Staline : 2.
9:49 of 3rd period - Petr Sykora wins face-off versus Yan Stastny in neutral zone.
9:58 of 3rd period - Wrist shot by Alexandre Daigle.
9:58 of 3rd period - Stopped by Ondrej Pavelec with a rebound.
10:08 of 3rd period - Pernell Karl Subban is hit by Chris Dingman.
10:42 of 3rd period - Snap shot by Josh Green.
10:42 of 3rd period - Shot Misses the Net.
11:08 of 3rd period - Nick Palmieri is hit by Ilkka Heikkinen and loses puck.
11:21 of 3rd period - Robby Dee is hit by Martin Hanzal and loses puck.
11:26 of 3rd period - Wrist shot by Petr Sykora.
11:26 of 3rd period - Shot Misses the Net.
12:08 of 3rd period - Snap shot by Robert Dome.
12:08 of 3rd period - Deflect By Devin Setoguchi.
12:08 of 3rd period - Stopped by Ondrej Pavelec with a rebound.
12:33 of 3rd period - Minor Penalty to T.J. Fast for Hooking.
12:34 of 3rd period - Fredrik Sjostrom wins face-off versus Chris Dingman in Staline zone.
13:56 of 3rd period - Icing by Logan Couture.
13:57 of 3rd period - Logan Couture wins face-off versus J.T. Wyman in Manchots zone.
14:23 of 3rd period - Minor Penalty to Kris Russell for Hooking.
14:24 of 3rd period - Chris Dingman wins face-off versus Alexander Radulov in Manchots zone.
14:25 of 3rd period - Slapshot by Matt Carle.
14:25 of 3rd period - Stopped by Ondrej Pavelec without a rebound.
14:26 of 3rd period - Chris Dingman wins face-off versus Logan Couture in Manchots zone.
14:33 of 3rd period - Penalty to T.J. Fast is over, T.J. Fast is back on ice.
14:47 of 3rd period - Slapshot by Matt Carle.
14:47 of 3rd period - Stopped by Ondrej Pavelec without a rebound.
14:48 of 3rd period - Nathan Smith wins face-off versus Denis Arkhipov in Manchots zone.
14:53 of 3rd period - Slapshot by Robert Dome.
14:53 of 3rd period - Shot Misses the Net.
14:55 of 3rd period - Slapshot by Matt Carle.
14:55 of 3rd period - Stopped by Ondrej Pavelec with a rebound.
14:57 of 3rd period - Slapshot by Sheldon Souray.
14:57 of 3rd period - Goal by Sheldon Souray - Manchots : 3 - Staline : 3.
14:58 of 3rd period - Fredrik Sjostrom wins face-off versus Yan Stastny in neutral zone.
15:09 of 3rd period - Snap shot by Chris Dingman.
15:09 of 3rd period - Stopped by Ondrej Pavelec without a rebound.
15:10 of 3rd period - Yan Stastny wins face-off versus Logan Couture in Manchots zone.
15:11 of 3rd period - Slapshot by Chris Dingman.
15:11 of 3rd period - Deflect By Fredrik Sjostrom.
15:11 of 3rd period - Shot Misses the Net.
15:11 of 3rd period - Puck is out of play.
15:12 of 3rd period - Yan Stastny wins face-off versus Logan Couture in Manchots zone.
15:16 of 3rd period - Minor Penalty to Yan Stastny for Interference.
15:17 of 3rd period - Chris Dingman wins face-off versus Logan Couture in Staline zone.
16:01 of 3rd period - Snap shot by Robert Dome.
16:01 of 3rd period - Stopped by Ondrej Pavelec without a rebound.
16:02 of 3rd period - Robert Dome wins face-off versus Logan Couture in Manchots zone.
16:03 of 3rd period - Snap shot by Matt Carle.
16:03 of 3rd period - Shot Blocked by Richard Petiot.
16:09 of 3rd period - J.T. Wyman is hit by Richard Petiot and loses puck.
16:51 of 3rd period - Maxime Fortunus is hit by Pernell Karl Subban and loses puck.
17:04 of 3rd period - Wrist shot by Petr Sykora.
17:04 of 3rd period - Stopped by Erik Ersberg without a rebound.
17:05 of 3rd period - Robert Dome wins face-off versus Logan Couture in Staline zone.
17:16 of 3rd period - Penalty to Yan Stastny is over, Yan Stastny is back on ice.
17:16 of 3rd period - Snap shot by Alexander Radulov.
17:16 of 3rd period - Stopped by Erik Ersberg without a rebound.
17:17 of 3rd period - Eric Hunter wins face-off versus Tyler Kennedy in Staline zone.
17:22 of 3rd period - Snap shot by Wade Belak.
17:22 of 3rd period - Shot Misses the Net.
17:27 of 3rd period - Off-side.
17:28 of 3rd period - Eric Hunter wins face-off versus Tyler Kennedy in neutral zone.
17:30 of 3rd period - Matt Carle is hit by Richard Petiot and loses puck.
17:35 of 3rd period - Snap shot by J.T. Wyman.
17:35 of 3rd period - Shot Misses the Net.
17:37 of 3rd period - Wrist shot by J.T. Wyman.
17:37 of 3rd period - Deflect By Josh Green.
17:37 of 3rd period - Shot Misses the Net.
17:37 of 3rd period - Puck is out of play.
17:38 of 3rd period - Eric Hunter wins face-off versus Tyler Kennedy in Manchots zone.
17:40 of 3rd period - Minor Penalty to Sheldon Souray for Hooking.
17:41 of 3rd period - Chris Dingman wins face-off versus Logan Couture in Staline zone.
17:41 of 3rd period - Chris Dingman is hit by Alexander Radulov.
17:51 of 3rd period - Wrist shot by Alexandre Daigle.
17:51 of 3rd period - Goal by Alexandre Daigle - Manchots : 3 - Staline : 4.
17:52 of 3rd period - Logan Couture wins face-off versus Chris Dingman in neutral zone.
18:06 of 3rd period - Icing by Alexander Radulov.
18:07 of 3rd period - Chris Dingman wins face-off versus Logan Couture in Manchots zone.
18:20 of 3rd period - Mike Sauer is hit by Logan Couture and loses puck.
19:03 of 3rd period - Manchots, Ondrej Pavelec is pulled from the net.
19:07 of 3rd period - Backhand shot by Fredrik Sjostrom.
19:07 of 3rd period - Shot Blocked by Matt Carle.
19:09 of 3rd period - Slapshot by Alexander Radulov.
19:09 of 3rd period - Shot Blocked by Robert Dome.
19:11 of 3rd period - Snap shot by Fredrik Sjostrom.
19:11 of 3rd period - Shot Blocked by Mike Sauer.
19:13 of 3rd period - Snap shot by Alexander Radulov.
19:13 of 3rd period - Stopped by Erik Ersberg with a rebound.
19:15 of 3rd period - Wrist shot by Alexander Radulov.
19:15 of 3rd period - Stopped by Erik Ersberg with a rebound.
19:17 of 3rd period - Slapshot by Pernell Karl Subban.
19:17 of 3rd period - Deflect By Alexander Radulov.
19:17 of 3rd period - Shot Misses the Net.
19:17 of 3rd period - Puck is out of play.
19:18 of 3rd period - Adams Oates call a timeout for Manchots.
19:18 of 3rd period - Chris Dingman wins face-off versus Martin Hanzal in Staline zone.
19:29 of 3rd period - Slapshot by Petr Sykora.
19:29 of 3rd period - Stopped by Erik Ersberg with a rebound.
19:31 of 3rd period - Slapshot by Richard Petiot.
19:31 of 3rd period - Stopped by Erik Ersberg with a rebound.
19:33 of 3rd period - Slapshot by Martin Hanzal.
19:33 of 3rd period - Shot Misses the Net.
19:40 of 3rd period - Penalty to Sheldon Souray is over, Sheldon Souray is back on ice.
19:55 of 3rd period - Off-side.
19:56 of 3rd period - Martin Hanzal wins face-off versus Yan Stastny in neutral zone.
19:56 of 3rd period - Minor Penalty to Chris Dingman for Tripping.
19:57 of 3rd period - Alexandre Daigle wins face-off versus Logan Couture in Staline zone.
Output by the SimonT Hockey Simulator (STHS) for François Prévost -- Original Page W3C XHTML 1.0 Valid